 Dungeon Crawl Stone Soup version 0.18-a0-1396-g8753ca6 (webtiles) character file.

168 Kidiri the Magician (level 5, -2/28 HPs)
             Began as a Deep Elf Fire Elementalist on Feb 23, 2016.
             Slain by Purgy (9 damage)
             ... on level 3 of the Dungeon.
             The game lasted 00:10:51 (3010 turns).

Kidiri the Magician (Deep Elf Fire Elementalist)    Turns: 3010, Time: 00:10:51

Health: -2/28      AC:  7    Str:  5    XL:     5   Next: 24%
Magic:  3/14       EV: 13    Int: 21    God:
Gold:   104        SH:  0    Dex: 15    Spells: 5 memorised, 0 levels left

rFire  . . .     SeeInvis .     e - +0 short sword
rCold  + . .     Gourm    .     p - +2 robe {rC+}
rNeg   . . .     Faith    .     (no shield)
rPois  .         Spirit   .     (no helmet)
rElec  .         Dismiss  .     l - +0 cloak
rCorr  .         Reflect  .     r - +0 pair of gloves
SustAt .         Harm     .     h - +0 pair of boots
MR     .....                    (no amulet)
Stlth  ++........               (no ring)
                                (no ring)

@: not resistant to hostile enchantments, unstealthy
A: no striking features
a: no special abilities


You were on level 3 of the Dungeon.
You were hungry.

You visited 1 branch of the dungeon, and saw 3 of its levels.

You collected 104 gold pieces.

Inventory:

Hand Weapons
 e - a +0 short sword (weapon)
 n - a +0 vampiric short sword
Armour
 h - a +0 pair of boots (worn)
 l - a +0 cloak (worn)
 p - a +2 robe of cold resistance (worn)
 r - a +0 pair of gloves (worn)
Scrolls
 d - 4 scrolls of teleportation {unknown}
 f - 2 scrolls of amnesia {unknown}
 g - a scroll of remove curse {unknown}
Potions
 a - a potion of brilliance {unknown}
 i - a potion of agility {unknown}
 m - a potion of flight
 o - 2 potions of invisibility {unknown}
Books
 b - a book of Flames

   Spells                             Type                      Level
   a - Flame Tongue                   Conjuration/Fire             1
   b - Throw Flame                    Conjuration/Fire             2
   c - Conjure Flame                  Conjuration/Fire             3
   d - Inner Flame                    Hexes/Fire                   3
   e - Sticky Flame                   Conjuration/Fire             4
   f - Fireball                       Conjuration/Fire             5
Comestibles
 c - a bread ration
 j - 2 meat rations
 q - a beef jerky


   Skills:
 + Level 3.2 Dodging
 + Level 3.1 Stealth
 * Level 4.7 Spellcasting
 + Level 2.4 Conjurations
 + Level 1.6 Hexes
 + Level 4.1 Fire Magic


You couldn't memorise any spells.
You knew the following spells:

 Your Spells              Type           Power        Failure   Level  Hunger
a - Flame Tongue          Conj/Fire      ###..        2%          1    None
b - Throw Flame           Conj/Fire      ###...       4%          2    #......
c - Conjure Flame         Conj/Fire      ###.....     10%         3    ##.....
d - Inner Flame           Hex/Fire       ###.....     12%         3    ##.....
e - Sticky Flame          Conj/Fire      ###.....     28%         4    ####...


Dungeon Overview and Level Annotations

Branches:
Dungeon (3/15)

Altars:
Makhleb
Okawaru

Annotations:
D:3 Purgy


Message History

The bat closely misses you. The bat hits you.
* * * LOW HITPOINT WARNING * * *
A hobgoblin opens the door.
The bat hits you but does no damage. The bat closely misses you.
The bat hits you but does no damage. The bat hits you but does no damage.
A giant gecko comes into view.
Casting: Flame Tongue
Confirm with . or Enter, or press ? or * to list all spells.
Aiming: Sticky Flame
Press: ? - help, Shift-Dir - straight line, f/p - Purgy
Aim: Purgy The sticky flame hits Purgy.
Purgy is lightly wounded.
Purgy is covered in liquid flames!
You are feeling hungry.
Purgy burns!
Purgy bites you!
You die...

######### ..#...?.#
#.#.....## ###.#.....##
. ...+....<.'
....###########.#......#
.....l.@Tbg.o.......'###
...################.#...
#.# ###


You could see Purgy (burning), an orc, a giant gecko, a hobgoblin and a bat.

Vanquished Creatures
  Jessica (D:2)
  Terence (D:2)
  6 gnolls
  A worm (D:2)
  A dart slug (D:1)
  A giant gecko (D:1)
  3 orcs (D:2)
  7 bats
  2 giant cockroaches (D:1)
  6 goblins
  3 hobgoblins
  4 jackals (D:1)
  2 giant newts (D:1)
  9 kobolds
  5 rats
52 creatures vanquished.

Vanquished Creatures (others)
  A toadstool (D:1)
1 creature vanquished.

Grand Total: 53 creatures vanquished

Notes
Turn   | Place    | Note
--------------------------------------------------------------
     0 | D:1      | Kidiri the Deep Elf Fire Elementalist began the quest for the Orb.
     0 | D:1      | Reached XP level 1. HP: 10/10 MP: 6/6
   185 | D:1      | Reached XP level 2. HP: 15/15 MP: 4/8
   189 | D:1      | Learned a level 2 spell: Throw Flame
   628 | D:1      | Reached XP level 3. HP: 8/19 MP: 0/10
   633 | D:1      | Learned a level 3 spell: Conjure Flame
   637 | D:1      | Learned a level 3 spell: Inner Flame
  1800 | D:1      | Reached XP level 4. HP: 16/24 MP: 0/12
  2213 | D:2      | Noticed Jessica
  2218 | D:2      | Killed Jessica
  2218 | D:2      | Reached skill level 1 in Hexes
  2407 | D:2      | Noticed Terence
  2414 | D:2      | Killed Terence
  2414 | D:2      | Reached XP level 5. HP: 28/28 MP: 3/14
  2496 | D:2      | Learned a level 4 spell: Sticky Flame
  2777 | D:2      | Found an iron altar of Okawaru.
  2939 | D:3      | Noticed Purgy
  2974 | D:3      | Found a burning altar of Makhleb.
  3010 | D:3      | Slain by Purgy

Vault maps used:
D:1:      nagdon_arrival_zigzag_paths
D:2:      okawaru_altar_gauntlet_db, first_bread, uniq_terence, uniq_jessica
D:3:      nicolae_ru_great_annihilating_truth, lemuel_round_altar,
          bloody_makhleb, uniq_purgy, uniq_iyjb

Skill      XL: |  1  2  3  4 |
---------------+-------------+-----
Stealth        | 3 |  3.1
Conjurations   | 2 |  2.4
Spellcasting   | 4 |  4.7
Fire Magic     | 4 |  4.1
Dodging        | 3 |  3.2
Hexes          | 1 |  1.6

Action                   |  1- 3 |  4- 6 || total
-------------------------+-------+-------++-------
Melee: Short sword       |     5 |     2 ||     7
 Cast: Flame Tongue      |    43 |    33 ||    76
       Throw Flame       |    23 |    10 ||    33
       Conjure Flame     |     2 |     1 ||     3
       Inner Flame       |     2 |       ||     2
       Sticky Flame      |       |     2 ||     2
  Use: Potion            |       |     1 ||     1
 Stab: Sleeping          |       |     1 ||     1
  Eat: Chunk             |     2 |     1 ||     3
       Bread ration      |     1 |       ||     1
